 Dungeon Crawl Stone Soup version 0.29.1-1-gd02db6906a (webtiles) character file.

Game seed: 6069200647087627952

449070 firemarshallily the Slayer (level 22, -3/294 HPs)
             Began as a Demonspawn Gladiator on Sept 18, 2022.
             Was the Champion of Makhleb.
             Slain by hyperkahler's ghost (10 damage)
             ... on level 2 of the Vaults on Oct 12, 2022.
             The game lasted 05:11:45 (65793 turns).

firemarshallily the Slayer (Demonspawn Gladiator)  Turns: 65793, Time: 05:11:45

Health: -3/294     AC: 34    Str: 25    XL:     22   Next: 86%
Magic:  0/10       EV:  2    Int:  6    God:    Makhleb [******]
Gold:   4243       SH: 19    Dex: 26    Spells: 21/21 levels left

rFire   . . .      SeeInvis .   a - +7 rapier of Foc Hax {antimagic, Will+}
rCold   . . .      Faith    .   y - +3 buckler {AC+3}
rNeg    . . .      Spirit   +   (body armour currently unavailable)
rPois   +          Reflect  .   (helmet currently unavailable)
rElec   .          Harm     .   (cloak currently unavailable)
rCorr   +          Rampage  .   (gloves unavailable)
Will    +++..      NoTele   +   (boots currently unavailable)
Stlth   +++++++...              g - brooch of Shielding {Spirit SH+8}
HPRegen 0.59/turn               G - ring "Zyfrywai" {Fly rCorr Dex+6 Slay+3 Stlth+}
MPRegen 0.12/turn               D - ring of Okawaru's Regard {Fly Str+6 Int-5 Slay+2}

@: tree-form (expiring), studying 5 skills
A: stationary, stasis, torment immunity, boosted hp, hurl damnation, ignite
blood 2, (spiny 2), torment resistance 1, (sharp scales 3), demonic willpower,
(demonic touch 3)
}: 3/15 runes: barnacled, silver, gossamer
a: Hurl Damnation, Renounce Religion, Minor Destruction, Lesser Servant of
Makhleb, Major Destruction, Greater Servant of Makhleb


You were on level 2 of the Vaults.
You worshipped Makhleb.
Makhleb was exalted by your worship.
You were a tree.
You visited 7 branches of the dungeon, and saw 39 of its levels.
You also visited: Trove, Sewer and Ice Cave.

You collected 7244 gold pieces.
You spent 3001 gold pieces at shops.

Inventory:

Hand Weapons
 a - the +7 rapier of Foc Hax (weapon) {antimagic, Will+}
   (You found it on level 14 of the Dungeon)

   It reduces the magical energy of the wielder, and disrupts the spells and
   magical abilities of those it strikes.
   Natural abilities and divine invocations are not affected.
   Will:      It increases your willpower.
 c - the +7 Spriggan's Knife {stab, EV+4 Stlth+}
   (You found it on level 5 of the Vaults)

   It is more effective when stabbing unaware enemies, sometimes treating them
   as though they were completely helpless.
   EV:        It affects your evasion (+4).
   Stlth:     It makes you more stealthy.
Missiles
 d - a throwing net
 f - 45 poisoned darts (quivered)
 S - 33 atropa-tipped darts
Armour
 l - a scarf of shadows
 v - a +2 pair of boots of stealth (melded)
 w - a +2 cloak
 x - the +0 pair of boots of a sewer {*Corrode rF+++ Regen+ Int-2}
   (You found it on level 3 of the Spider Nest)

   Int:       It affects your intelligence (-2).
   rF:        It renders you almost immune to fire.
   Regen:     It increases your rate of health regeneration.
   *Corrode:  It may corrode you when you take damage.
 y - a +3 buckler of protection (worn)
 A - a scarf of repulsion
 J - the +4 ring mail of Leapfrog (melded) {Contam rN+ Str+4 Int+8}
   (You found it on level 11 of the Dungeon)

   Str:       It affects your strength (+4).
   Int:       It affects your intelligence (+8).
   rN:        It protects you from negative energy.
   Contam:    It causes magical contamination when unequipped.
 M - the +2 hood of the Assassin (melded) {Detection Stab+ Stlth++}
   (You found it on level 14 of the Dungeon)

   It allows the wearer to sense nearby creatures.
   It allows the wearer to make particularly effective stabbing attacks against
   helpless or unaware enemies with any weapon.
   Stlth:     It makes you much more stealthy.
 X - a scarf of resistance (melded)
Jewellery
 g - the brooch of Shielding (around neck) {Spirit SH+8}
   (You found it in a treasure trove)

   [amulet of guardian spirit]

   It causes incoming damage to be divided between your reserves of health and
   magic.
   SH:        It affects your SH (+8).
 h - the ring "Heenn" {rElec Will- Str+4 SInv}
   (You found it in a treasure trove)

   [ring of see invisible]

   Str:       It affects your strength (+4).
   rElec:     It insulates you from electricity.
   SInv:      It lets you see invisible.
   Will:      It decreases your willpower.
 m - the ring of Foyhusuw {Fly rPois rN+ Will++ Str-3}
   (You found it in a treasure trove)

   [ring of positive energy]

   Str:       It affects your strength (-3).
   rPois:     It protects you from poison.
   rN:        It protects you from negative energy.
   Fly:       It grants you flight.
   Will:      It greatly increases your willpower.
 p - the ring of Life {Contam rC+ Will+ Slay+5}
   (You found it in an ice cave)

   [ring of willpower]

   Slay:      It affects your accuracy & damage with ranged weapons and melee
   (+5).
   rC:        It protects you from cold.
   Contam:    It causes magical contamination when unequipped.
   Will:      It increases your willpower.
 u - the ring of the Howling King {Ice rElec rPois Str+2 Stlth-}
   (You found it on level 14 of the Dungeon)

   [ring of ice]

   It enhances your ice magic.
   Str:       It affects your strength (+2).
   rF:        It makes you vulnerable to fire.
   rC:        It protects you from cold.
   rElec:     It insulates you from electricity.
   rPois:     It protects you from poison.
   Stlth:     It makes you less stealthy.
 D - the ring of Okawaru's Regard (right branch) {Fly Str+6 Int-5 Slay+2}
   (You found it in a treasure trove)

   [ring of flight]

   Str:       It affects your strength (+6).
   Int:       It affects your intelligence (-5).
   Slay:      It affects your accuracy & damage with ranged weapons and melee
   (+2).
   Fly:       It grants you flight.
 G - the ring "Zyfrywai" (left branch) {Fly rCorr Dex+6 Slay+3 Stlth+}
   (You found it in a treasure trove)

   [ring of dexterity]

   Dex:       It affects your dexterity (+6).
   Slay:      It affects your accuracy & damage with ranged weapons and melee
   (+3).
   Fly:       It grants you flight.
   rCorr:     It protects you from acid and corrosion.
   Stlth:     It makes you more stealthy.
 H - the ring of the Median {Wiz rPois Dex+2 Stlth-}
   (You found it in a treasure trove)

   [ring of wizardry]

   It improves your spell success rate.
   Dex:       It affects your dexterity (+2).
   rPois:     It protects you from poison.
   Stlth:     It makes you less stealthy.
 L - the ring of Niclux {rC++ AC+4 Int+2 Dex+4}
   (You found it on level 4 of the Vaults)

   [ring of protection]

   AC:        It affects your AC (+4).
   Int:       It affects your intelligence (+2).
   Dex:       It affects your dexterity (+4).
   rC:        It greatly protects you from cold.
 N - the amulet "Kelunki" {Spirit rF++ Dex+4}
   (You found it in a treasure trove)

   [amulet of guardian spirit]

   It causes incoming damage to be divided between your reserves of health and
   magic.
   Dex:       It affects your dexterity (+4).
   rF:        It greatly protects you from fire.
 O - the ring "Kyprocowk" {rN+ Will+}
   (You acquired it on level 11 of the Dungeon)

   [ring of positive energy]

   rN:        It protects you from negative energy.
   Will:      It increases your willpower.
 U - the ring of Icizimeh {rPois rN+ Str-4 Dex+2}
   (You found it in a treasure trove)

   [ring of poison resistance]

   Str:       It affects your strength (-4).
   Dex:       It affects your dexterity (+2).
   rPois:     It protects you from poison.
   rN:        It protects you from negative energy.
Wands
 R - a wand of charming (47)
 T - a wand of digging (20)
Scrolls
 k - a scroll of enchant armour
 s - 11 scrolls of butterflies
 E - a scroll of silence
 F - 13 scrolls of teleportation
 I - 5 scrolls of blinking
 P - 6 scrolls of poison
 Q - 3 scrolls of magic mapping
 V - a scroll of summoning
 Z - 3 scrolls of fear
Potions
 b - 4 potions of lignification
 j - 12 potions of curing
 n - 11 potions of brilliance
 o - 5 potions of mutation
 q - 7 potions of cancellation
 t - 2 potions of haste
 z - 3 potions of magic
 B - 2 potions of resistance
 Y - 3 potions of invisibility
Miscellaneous
 r - a phantom mirror
 C - a phial of floods


   Skills:
 + Level 21.8 Fighting
 - Level 10.5(12.0) Short Blades
 - Level 9.3(11.4) Long Blades
 - Level 16.0 Throwing
 + Level 19.5 Armour
 + Level 15.7 Dodging
 - Level 13.5 Stealth
 - Level 10.0 Shields
 - Level 12.0 Invocations


You had 21 spell levels left.
You didn't know any spells.
Your spell library contained the following spells:

 Spells                   Type           Power      Damage    Failure   Level
 Magic Dart               Conj           0%         1d3       52%         1
 Sandblast                Erth           0%         2d4       52%         1
 Sting                    Tmut/Pois      0%         1d3       52%         1
 Call Imp                 Summ           0%         N/A       65%         2
 Ensorcelled Hibernation  Hex/Ice        0%         N/A       65%         2
 Passwall                 Tmut/Erth      0%         N/A       65%         2
 Poisonous Vapours        Pois/Air       0%         N/A       65%         2
 Scorch                   Fire           0%         2d5       65%         2
 Searing Ray              Conj           0%         2d4       65%         2
 Static Discharge         Conj/Air       0%         3-3/arc   65%         2
 Call Canine Familiar     Summ           0%         N/A       87%         3
 Dazzling Flash           Conj/Hex       0%         N/A       87%         3
 Gell's Gravitas          Tloc           0%         N/A       87%         3
 Inner Flame              Hex/Fire       0%         N/A       87%         3
 Lesser Beckoning         Tloc           0%         N/A       87%         3
 Mephitic Cloud           Conj/Pois/Air  0%         N/A       87%         3
 Ozocubu's Armour         Ice            0%         N/A       87%         3
 Portal Projectile        Hex/Tloc       0%         N/A       87%         3
 Spider Form              Tmut/Pois      0%         N/A       87%         3
 Stone Arrow              Conj/Erth      0%         3d7       87%         3
 Summon Guardian Golem    Hex/Summ       0%         N/A       87%         3
 Teleport Other           Tloc           0%         N/A       87%         3
 Tukima's Dance           Hex            0%         N/A       87%         3
 Anguish                  Hex/Necr       0%         N/A       99%         4
 Cause Fear               Hex            0%         N/A       99%         4
 Corpse Rot               Necr/Pois/Air  0%         N/A       99%         4
 Dispel Undead            Necr           0%         3d6       99%         4
 Flame Wave               Conj/Fire      0%         2d4       99%         4
 Fulminant Prism          Conj/Hex       0%         3d6       99%         4
 Leda's Liquefaction      Hex/Erth       0%         N/A       99%         4
 Olgreb's Toxic Radiance  Pois           0%         N/A       99%         4
 Passage of Golubria      Tloc           0%         N/A       99%         4
 Summon Ice Beast         Ice/Summ       0%         N/A       99%         4
 Summon Lightning Spire   Summ/Air       0%         N/A       99%         4
 Agony                    Necr           0%         N/A       100%        5
 Fireball                 Conj/Fire      0%         3d3       100%        5
 Freezing Cloud           Conj/Ice/Air   0%         6-21      100%        5
 Iskenderun's Battlesphe  Conj           0%         2d6       100%        5
 Lightning Bolt           Conj/Air       0%         1d11      100%        5
 Metabolic Englaciation   Hex/Ice        0%         N/A       100%        5
 Silence                  Hex/Air        0%         N/A       100%        5
 Summon Forest            Summ/Tloc      0%         N/A       100%        5
 Summon Mana Viper        Hex/Summ       0%         N/A       100%        5
 Yara's Violent Unravell  Hex/Tmut       0%         3d3       100%        5
 Conjure Ball Lightning   Conj/Air       0%         3x3d6     100%        6
 Death Channel            Necr           0%         N/A       100%        6
 Dispersal                Tloc           0%         N/A       100%        6
 Iron Shot                Conj/Erth      0%         9d1       100%        6
 Simulacrum               Ice/Necr       0%         N/A       100%        6
 Starburst                Conj/Fire      0%         6d3       100%        6
 Statue Form              Tmut/Erth      0%         N/A       100%        6
 Summon Cactus Giant      Summ           0%         N/A       100%        6
 Dragon Form              Tmut           0%         N/A       100%        7
 Monstrous Menagerie      Summ           0%         N/A       100%        7
 Orb of Destruction       Conj           0%         9d5       100%        7
 Ozocubu's Refrigeration  Ice            0%         4d7       100%        7
 Discord                  Hex            0%         N/A       100%        8
 Disjunction              Tloc           0%         N/A       100%        8
 Ignition                 Fire           0%         3d3       100%        8
 Lehudib's Crystal Spear  Conj/Erth      0%         10d2      100%        8
 Maxwell's Capacitive Co  Air            0%         ∞         100%        8
 Chain Lightning          Conj/Air       0%         N/A       100%        9
 Dragon's Call            Summ           0%         N/A       100%        9
 Fire Storm               Conj/Fire      0%         5d1       100%        9
 Shatter                  Erth           0%         3d5*      100%        9


Dungeon Overview and Level Annotations

Branches:
Dungeon (15/15)            Temple (0/1) D:4            Lair (5/5) D:11
 Shoals (4/4) Lair:2       Spider (4/4) Lair:2        Slime (0/5) Lair:4
    Orc (2/2) D:9             Elf (0/3) Orc:2        Vaults (5/5) D:14
  Crypt (0/3) Vaults:2     Depths (4/4) D:15            Zot (0/5) Depths:4
  Sewer (visited)           IceCv (visited)

Altars:
Cheibriados
Gozag
Hepliaklqana
Makhleb
Nemelex Xobeh
Ru
Trog
Xom

Shops:
D:5 (   Orc:1 *   Orc:2 *[?=*   Shoals:1 *   Vaults:4 (   Depths:1 [
Depths:4 (

Portals:
Hell: Depths:1 Depths:2 Depths:3 Depths:4
Abyss: Depths:2 Depths:3 Depths:4
Pandemonium: Depths:2
Ziggurat: Depths:2

Annotations:
Vaults:2 1 transporter, hyperkahler's ghost, veteran MiFi


Innate Abilities, Weirdness & Mutations

You are a tree.
Your roots penetrate the ground, keeping you stationary.
You cannot be teleported.
You are immune to unholy pain and torment.
Your maximum health is greatly increased.
Your equipment is partially melded.
You can hurl damnation.
Your demonic aura often causes spilled blood to erupt in flames.
((You are mostly covered in sharp spines.))
You are resistant to unholy torment.
((You are completely covered in razor-sharp scales. (AC +3, Slay +3)))
You punish those that try to bend your will. (Will+)
((Your touch may irresistibly damage your foes and sap their willpower.))


Message History

The poisoned dart closely misses hyperkahler's ghost.
Hyperkahler's ghost mumbles some strange words.
Hyperkahler's ghost blinks!
You hit hyperkahler's ghost but do no damage.
Hyperkahler's ghost is almost destroyed.
You hit hyperkahler's ghost.
Hyperkahler's ghost's magic leaks into the air.
Hyperkahler's ghost is almost destroyed.
You block hyperkahler's ghost's attack.
You miss hyperkahler's ghost.
Hyperkahler's ghost is almost destroyed.
You hit hyperkahler's ghost but do no damage.
Hyperkahler's ghost is almost destroyed.
Your transformation is almost over.
Hyperkahler's ghost's magic is no longer disrupted.
You block hyperkahler's ghost's attack.
You puncture hyperkahler's ghost!
Hyperkahler's ghost's magic leaks into the air.
Hyperkahler's ghost is almost destroyed.
Hyperkahler's ghost hits you!!
* * * LOW HITPOINT WARNING * * *
You miss hyperkahler's ghost.
Hyperkahler's ghost is almost destroyed.
Hyperkahler's ghost's magic is no longer disrupted.
You hit hyperkahler's ghost but do no damage.
Hyperkahler's ghost is almost destroyed.
You block hyperkahler's ghost's attack.
You completely miss hyperkahler's ghost.
Hyperkahler's ghost is almost destroyed.
You hit hyperkahler's ghost but do no damage.
Hyperkahler's ghost is almost destroyed.
Hyperkahler's ghost hits you but does no damage.
You are electrocuted!!
* * * LOW HITPOINT WARNING * * *
You hit hyperkahler's ghost but do no damage.
Hyperkahler's ghost is almost destroyed.
Hyperkahler's ghost hits you.
* * * LOW HITPOINT WARNING * * *
You are electrocuted!
You die...

###### .....#
.....# .....#
.....# .....#
#############
.....#
#((.(W♣.....#
.....#
#.#..#.#..#.#
########
#..##.(.##..#
.^.....#
#..##.(.##..#
.......#
#.#..#(#..#.#
.......#
##©..[?(?($..##
.......#
###############
.......#
#.....©.©.....#
.......#
#.............#


You could see hyperkahler's ghost.

Vanquished Creatures
  2 ancient liches (Vaults:5)
  Sojobo (Vaults:2)
  Frederick (Vaults:5)
  Bai Suzhen (Shoals:3)
  Saint Roka (Vaults:1)
  A caustic shrike (Depths:3)
  A golden dragon (Vaults:5)
  Jorgrun (D:13)
  8 tentacled monstrosities
  2 liches
  Rupert (Lair:5)
  2 quicksilver dragons
  10 titans
  A kraken (Shoals:4)
  3 sphinxes
  Polyphemus (Shoals:4)
  Ilsuiw (Shoals:4)
  3 shadow dragons
  Agnes (D:14)
  12 tengu reavers
  5 storm dragons
  An azure jelly (Lair:4)
  Roxanne (D:15)
  A draconian monk (Depths:4)
  9 frost giants
  6 fire giants
  22 vault wardens
  2 emperor scorpions (Spider:4)
  6 ghost moths
  A draconian knight (IceCv)
  Louise (D:15)
  An orc warlord (Vaults:4)
  3 iron dragons
  A draconian scorcher (Depths:4)
  14 ironbound preservers
  7 ironbound thunderhulks
  A broodmother (Spider:1)
  14 stone giants
  A vampire knight (Depths:4)
  2 war gargoyles (Vaults:5)
  16 very ugly things
  3 deep elf demonologists
  13 spark wasps
  4 dire elephants (Vaults:1)
  A green draconian (Depths:4)
  A black draconian (Depths:4)
  A red draconian (Depths:4)
  2 entropy weavers
  A bunyip (shapeshifter) (D:15)
  8 white draconians
  An eidolon (Vaults:2)
  11 ettins
  3 deep elf death magi
  A crystal guardian (Vaults:4)
  10 fire dragons
  5 merfolk javelineers
  10 yaktaur captains
  8 merfolk impalers
  Josephine (D:10)
  The ghost of RascalDebosk the Fighter, a journeyman MiBe of Trog (D:10)
  2 deep elf high priests
  10 great orbs of eyes
  3 jiangshi (Depths:3)
  8 ice dragons
  31 vault guards
  6 rakshasas
  10 hydras
  5 peacekeepers (Vaults:4)
  2 jorogumos
  A catoblepas (Shoals:4)
  10 boulder beetles
  7 merfolk aquamancers
  2 spriggan air magi
  5 ironbound frosthearts
  2 alligator snapping turtles (Shoals:4)
  12 centaur warriors
  A two-headed ogre (D:14)
  An anaconda (shapeshifter) (Depths:2)
  8 merfolk avatars
  Erica (Orc:1)
  2 death yaks (Shoals:4)
  5 satyrs
  A deep troll shaman (Depths:3)
  A two-headed ogre (shapeshifter) (D:14)
  9 deep troll earth magi
  4 vampire magi
  5 tengu warriors
  An orc high priest (Orc:2)
  2 spriggan berserkers (Depths:4)
  Nergalle (D:11)
  16 hell knights
  3 iron trolls
  4 glowing orange brains
  An orb spider (shapeshifter) (Vaults:5)
  Lodul (D:11)
  A fire crab (shapeshifter) (D:13)
  5 pharaoh ants
  8 skeletal warriors
  19 sea snakes
  3 steelbarb worms
  A death drake (shapeshifter) (Vaults:5)
  31 deep trolls
  An orange crystal statue (Shoals:1)
  A swamp dragon (Lair:5)
  6 phantasmal warriors
  7 wizards
  17 ironbound convokers
  6 orb spiders
  Pikel (D:7)
  4 lindwurms
  4 deep elf pyromancers
  25 ugly things
  7 necromancers
  An oklob plant (D:11)
  25 wolf spiders
  24 harpies
  10 orc sorcerers
  7 orc knights
  24 fauns
  12 cyclopes
  18 manticores
  An elephant (shapeshifter) (Vaults:1)
  2 guardian serpents
  9 merfolk sirens
  2 moths of wrath (Spider:4)
  9 elephants
  Joseph (D:10)
  A black mamba (shapeshifter) (D:14)
  10 torpor snails
  14 vault sentinels
  11 black mambas
  2 gargoyles
  4 water nymphs
  13 cane toads
  A yaktaur (shapeshifter) (D:14)
  3 storm dragon simulacra (IceCv)
  2 unseen horrors
  9 komodo dragons
  5 demonic crawlers
  A rime drake (shapeshifter) (Vaults:4)
  35 yaktaurs
  2 freezing wraiths
  A kobold demonologist (D:10)
  5 rime drakes
  A komodo dragon (shapeshifter) (D:14)
  A tengu conjurer (D:15)
  5 golden dragon simulacra (IceCv)
  34 merfolk
  4 meliai
  A polar bear (Lair:4)
  7 trolls
  5 hornets
  8 wind drakes
  43 slime creatures
  24 tarantellas
  4 blink frogs (Lair:1)
  A slime creature (shapeshifter) (Vaults:5)
  11 dream sheep
  25 jumping spiders
  11 snapping turtles
  Sigmund (D:4)
  21 culicivoras
  A centaur simulacrum (D:12)
  8 wraiths
  A spriggan (shapeshifter) (D:14)
  16 wyverns
  6 basilisks
  A vampire (D:10)
  A yak (shapeshifter) (D:15)
  26 water elementals
  38 yaks
  2 steam dragons (Lair:5)
  64 redbacks
  A fire elemental (Depths:2)
  3 vampire mosquitoes
  A warg (Orc:1)
  Menkaure (D:4)
  Edmund (D:6)
  20 water moccasins
  2 acid dragons
  A floating eye (shapeshifter) (Depths:4)
  Duvessa (D:4)
  3 black bears
  5 sky beasts
  35 orc warriors
  3 ice beasts
  18 ogres
  2 swamp drakes (Lair:5)
  5 boggarts
  8 ice dragon simulacra (IceCv)
  15 wolves
  14 centaurs
  3 lemures (D:7)
  A phantom (D:5)
  Blork the orc (D:6)
  A kobold brigand (D:10)
  11 bullfrogs
  2 scorpions (D:5)
  2 gnoll sergeants
  9 wights
  Dowan (D:4)
  9 killer bees
  5 lindwurm simulacra (IceCv)
  6 howler monkeys
  An electric eel (D:9)
  3 hounds
  6 jellies
  32 orc priests
  6 iguanas
  37 orc wizards
  6 gnolls
  9 adders
  5 river rats (Sewer)
  2 white imps (D:6)
  2 dart slugs
  128 orcs
  9 ball pythons
  6 endoplasms
  3 giant cockroaches
  5 goblins
  5 hobgoblins
  31 kobolds
  5 quokkas
  A bat (D:3)
  17 rats
  5 tentacles (Shoals:4)
1733 creatures vanquished.

Vanquished Creatures (collateral kills)
  A vault warden (Vaults:4)
  A deep elf sorcerer (Vaults:4)
  An ironbound preserver (Vaults:2)
  A broodmother (Spider:4)
  A very ugly thing (Vaults:4)
  An ettin (Vaults:2)
  A vault guard (Vaults:5)
  A deep troll earth mage (Vaults:4)
  2 deep trolls (Vaults:2)
  A lindwurm (Vaults:2)
  2 ironbound convokers (Vaults:2)
  2 wolf spiders (Spider:4)
  A vault sentinel (Vaults:2)
  A yaktaur (Vaults:4)
  4 culicivoras (Spider:4)
  A redback (Spider:4)
22 creatures vanquished.

Vanquished Creatures (others)
  A ghost moth (Spider:4)
  An orc wizard (D:13)
  19 fungi
  274 plants
  11 tentacles (Shoals:4)
306 creatures vanquished.

Grand Total: 2061 creatures vanquished

Notes
Turn   | Place    | Note
-------+----------+-------------------------------------------
     0 | D:1      | firemarshallily the Demonspawn Gladiator began the quest
                  | for the Orb.
     0 | D:1      | Reached XP level 1. HP: 16/16 MP: 1/1
   614 | D:1      | Gained mutation: You are partially covered in razor-sharp
                  | scales. (AC +1, Slay +1) [demonic ancestry]
   614 | D:1      | Reached XP level 2. HP: 22/22 MP: 2/2
  1533 | D:2      | Reached XP level 3. HP: 28/28 MP: 3/3
  1815 | D:2      | Found a faded altar of an unknown god.
  1828 | D:2      | Prayed at the altar of an unknown god.
  1828 | D:2      | Became a worshipper of Makhleb the Destroyer
  1828 | D:2      | Reached * piety under Makhleb
  2275 | D:2      | Reached skill level 3 in Fighting
  2275 | D:2      | Gained mutation: Your demonic aura sometimes causes spilled
                  | blood to erupt in flames. [demonic ancestry]
  2275 | D:2      | Reached XP level 4. HP: 7/35 MP: 4/4
  2607 | D:3      | Found a glowing drain.
  2616 | Sewer    | Entered a sewer
  2882 | Sewer    | Reached XP level 5. HP: 30/41 MP: 5/5
  3014 | Sewer    | Reached ** piety under Makhleb
  3594 | D:3      | Identified the +1 helmet "Ukaof" {MP+9}
  3704 | D:3      | Reached skill level 5 in Long Blades
  3924 | D:4      | Gained mutation: Your demonic aura often causes spilled
                  | blood to erupt in flames. [demonic ancestry]
  3924 | D:4      | Reached XP level 6. HP: 48/48 MP: 6/6
  3992 | D:4      | You fall into a shaft and drop 3 floors!
  3992 | D:7      | Found a sparkling altar of Nemelex Xobeh.
  4014 | D:7      | Noticed Pikel
  4029 | D:7      | Noticed a hornet
  4036 | D:7      | Paralysed by a hornet for 2 turns
  4214 | D:6      | Noticed an ice beast
  4226 | D:6      | Reached skill level 4 in Fighting
  4446 | D:6      | Noticed Edmund
  4484 | D:6      | Noticed a sky beast
  4533 | D:5      | Entered Level 5 of the Dungeon
  4591 | D:5      | Gained mutation: Your touch may inflict minor irresistible
                  | damage on your foes. [demonic ancestry]
  4591 | D:5      | Reached XP level 7. HP: 42/55 MP: 7/7
  4670 | D:4      | Reached *** piety under Makhleb
  4792 | D:4      | Noticed Sigmund
  4934 | D:5      | Found a snail-covered altar of Cheibriados.
  4943 | D:5      | Reached skill level 5 in Fighting
  5014 | D:5      | Found Iddopru's Antique Weapon Shoppe.
  5489 | D:5      | Reached XP level 8. HP: 64/64 MP: 8/8
  5934 | D:6      | Reached skill level 6 in Fighting
  6392 | D:6      | Reached **** piety under Makhleb
  6696 | D:6      | Noticed Blork the orc
  6703 | D:6      | Killed Blork the orc
  6704 | D:6      | Reached skill level 7 in Fighting
  6704 | D:6      | Gained mutation: Your touch may inflict irresistible damage
                  | on your foes. [demonic ancestry]
  6704 | D:6      | Reached XP level 9. HP: 72/72 MP: 9/9
  6979 | D:6      | Reached skill level 1 in Short Blades
  6979 | D:6      | Reached skill level 1 in Stealth
  7363 | D:7      | Killed Pikel
  7658 | D:7      | Paralysed by a hornet for 2 turns
  7757 | D:7      | Found a sacrificial altar of Ru.
  7952 | D:8      | Reached skill level 5 in Stealth
  7954 | D:8      | Reached skill level 8 in Fighting
  7958 | D:8      | Gained mutation: You are partially covered in sharp spines.
                  | [demonic ancestry]
  7958 | D:8      | Reached XP level 10. HP: 79/80 MP: 10/10
  7993 | D:8      | Reached skill level 5 in Short Blades
  7999 | D:8      | Reached ***** piety under Makhleb
  8201 | D:8      | Noticed a deep elf pyromancer
  8838 | D:9      | Noticed a two-headed ogre
  9003 | D:9      | Paralysed by a hornet for 3 turns
  9309 | D:9      | Found a staircase to the Orcish Mines.
  9911 | D:9      | Found a bloodstained altar of Trog.
  9911 | D:9      | Found a hazy altar of Hepliaklqana.
  9941 | D:9      | Found a runed translucent door.
 10043 | D:10     | Entered Level 10 of the Dungeon
 10442 | D:10     | Reached skill level 9 in Fighting
 10524 | D:10     | Noticed a smoke demon
 10533 | D:10     | Gained mutation: You are mostly covered in razor-sharp
                  | scales. (AC +2, Slay +2) [demonic ancestry]
 10533 | D:10     | Reached XP level 11. HP: 61/89 MP: 11/11
 10767 | D:10     | Noticed Joseph
 10774 | D:10     | Killed Joseph
 10846 | D:10     | Noticed Josephine
 10915 | D:10     | Found a runed translucent gate.
 10915 | D:10     | Found a runed translucent gate.
 10915 | D:10     | Found a runed translucent gate.
 10916 | D:10     | Noticed a nine-headed hydra
 10917 | D:10     | Noticed RascalDebosk's ghost (journeyman MiBe)
 11298 | D:11     | Found a staircase to the Lair.
 11299 | D:11     | Noticed an oklob plant
 11407 | D:11     | Identified the +4 ring mail of Leapfrog {Contam rN+ Str+4
                  | Int+8}
 11706 | D:11     | Noticed Nergalle
 11720 | D:11     | Killed Nergalle
 11733 | D:11     | Noticed Lodul
 12152 | D:8      | Identified the ring of Tajuelis {Fly AC+4}
 12154 | D:8      | Identified the +1 rapier of Accidental Termination
                  | {protect, Int+3}
 12196 | D:8      | Found a transporter.
 12200 | D:8      | Found a transporter.
 12202 | D:8      | Noticed a centaur warrior
 12356 | D:8      | Killed a deep elf pyromancer
 12798 | D:4      | Noticed Dowan
 12799 | D:4      | Noticed Duvessa
 12806 | D:4      | Killed Duvessa
 12811 | D:4      | Killed Dowan
 12848 | D:4      | Noticed Menkaure
 12856 | D:4      | Killed Sigmund
 12857 | D:4      | Reached skill level 1 in Armour
 12863 | D:4      | Killed Menkaure
 12960 | D:4      | Reached ****** piety under Makhleb
 12966 | D:4      | Found a staircase to the Ecumenical Temple.
 13845 | D:6      | Killed Edmund
 14008 | D:9      | Noticed an orc knight
 14496 | D:11     | Identified a scroll of acquirement
 14497 | D:11     | Acquired the ring "Kyprocowk" {rN+ Will+}
 14546 | D:11     | Killed Lodul
 14547 | D:11     | Reached skill level 10 in Fighting
 14547 | D:11     | Reached skill level 10 in Stealth
 14863 | D:12     | Noticed a five-headed hydra
 14904 | D:12     | Noticed a deep elf pyromancer
 14906 | D:12     | Killed a deep elf pyromancer
 14982 | D:12     | Found a portal to a secret trove of treasure.
 15101 | D:12     | Noticed an orc knight
 15128 | D:12     | Killed an orc knight
 15129 | D:12     | Gained mutation: You are mostly covered in sharp spines.
                  | [demonic ancestry]
 15129 | D:12     | Reached XP level 12. HP: 79/97 MP: 12/12
 15236 | D:12     | Noticed a four-headed hydra
 15247 | D:12     | Killed a four-headed hydra
 15591 | D:12     | Killed a five-headed hydra
 16418 | Lair:1   | Entered Level 1 of the Lair of Beasts
 16448 | Lair:1   | Reached skill level 5 in Armour
 16805 | Lair:1   | Noticed a boulder beetle
 17429 | Lair:2   | Found a hole to the Spider Nest.
 17466 | Lair:2   | Reached skill level 11 in Fighting
 17702 | Lair:2   | Acquired a manual of Throwing
 17719 | Lair:2   | Found a staircase to the Shoals.
 18613 | Lair:3   | Gained mutation: You punish those that try to bend your
                  | will. (Will+) [demonic ancestry]
 18613 | Lair:3   | Reached XP level 13. HP: 106/106 MP: 13/13
 20490 | Lair:4   | Found a runed translucent door.
 20490 | Lair:4   | Found a staircase to the Slime Pits.
 20490 | Lair:4   | Noticed an azure jelly
 20861 | Lair:5   | Entered Level 5 of the Lair of Beasts
 21037 | Lair:5   | Noticed Rupert
 21056 | Lair:5   | Killed Rupert
 21057 | Lair:5   | Reached skill level 5 in Throwing
 21658 | Lair:5   | Identified the +9 short sword "Zuyfufei" {antimagic, rPois
                  | Dex+4 Stlth-}
 21828 | Lair:5   | Reached skill level 12 in Fighting
 21830 | Lair:5   | Reached skill level 1 in Shields
 21943 | Lair:5   | Found an opulent altar of Gozag.
 22013 | Lair:5   | Gained mutation: Your touch may irresistibly damage your
                  | foes and sap their willpower. [demonic ancestry]
 22013 | Lair:5   | Reached XP level 14. HP: 115/115 MP: 7/14
 22170 | Lair:5   | HP: 3/115 [fire dragon/blast of flame (26)]
 22175 | Lair:5   | HP: 1/115 [fire dragon (3)]
 23363 | Orc:1    | Entered Level 1 of the Orcish Mines
 23366 | Orc:1    | Found Saud's Superlative Supplies.
 23368 | Orc:1    | Noticed Erica
 23382 | Orc:1    | Killed Erica
 23405 | Orc:1    | Bought a manual of Shields for 1120 gold pieces
 23517 | Orc:2    | Entered Level 2 of the Orcish Mines
 23626 | Orc:2    | Found a staircase to the Elven Halls.
 23679 | Orc:2    | Found Hinkuytiaj's Specific Store.
 23686 | Orc:2    | Found Waufuage's General Store.
 23694 | Orc:2    | Bought a potion of resistance for 120 gold pieces
 23694 | Orc:2    | Bought a scroll of teleportation for 36 gold pieces
 23702 | Orc:2    | Bought a scroll of silence for 114 gold pieces
 24618 | Orc:2    | Found Wapsit's General Store.
 24618 | Orc:2    | Found Ubiwkyli's Antique Armour Emporium.
 24618 | Orc:2    | Found Kiusev's Magic Scroll Emporium.
 24624 | Orc:2    | Found Voohou's Jewellery Shoppe.
 24648 | Orc:2    | Bought a scroll of identify for 24 gold pieces
 24652 | Orc:2    | Bought a scroll of identify for 34 gold pieces
 24652 | Orc:2    | Bought a scroll of identify for 34 gold pieces
 24652 | Orc:2    | Bought a scroll of identify for 34 gold pieces
 24658 | Orc:2    | Bought a scroll of summoning for 114 gold pieces
 24936 | Orc:2    | Bought a scroll of blinking for 127 gold pieces
 25329 | D:13     | Got the Quarto of Enthralling Peregrination
 25413 | D:13     | Noticed Jorgrun
 25443 | D:13     | Reached skill level 10 in Armour
 25501 | D:13     | Reached skill level 10 in Short Blades
 25846 | D:14     | Noticed a sphinx
 25846 | D:14     | Found the +0 staff of Battle
 25847 | D:14     | Found the +2 hood of the Assassin {Detection Stab+ Stlth++}
 25848 | D:14     | Found a runed translucent door.
 25912 | D:14     | Reached skill level 13 in Fighting
 26093 | D:14     | Reached XP level 15. HP: 120/124 MP: 8/15
 26359 | D:14     | Found a gate to the Vaults.
 26454 | D:14     | Noticed Agnes
 26462 | D:14     | Killed Agnes
 26845 | D:15     | Entered Level 15 of the Dungeon
 27000 | D:15     | Identified Roxanne's Secrets of the Rocks
 27000 | D:15     | Noticed Roxanne
 27215 | D:15     | Noticed Louise
 27217 | D:15     | Killed Louise
 27349 | D:12     | You paid a toll of a +6 demon trident to enter a treasure
                  | trove
 27350 | Trove    | Entered a treasure trove
 27350 | Trove    | Found the brooch of Shielding {Spirit SH+8}
 27354 | Trove    | Identified the ring "Heenn" {rElec Will- Str+4 SInv}
 27361 | Trove    | Identified the ring of Foyhusuw {Fly rPois rN+ Will++
                  | Str-3}
 27366 | Trove    | Identified the amulet "Gucwosch" {Faith rCorr Int+3}
 27369 | Trove    | Identified the ring of Okawaru's Regard {Fly Str+6 Int-5
                  | Slay+2}
 27371 | Trove    | Identified the ring "Zyfrywai" {Fly rCorr Dex+6 Slay+3
                  | Stlth+}
 27373 | Trove    | Identified the ring of the Median {Wiz rPois Dex+2 Stlth-}
 27375 | Trove    | Identified the amulet "Kelunki" {Spirit rF++ Dex+4}
 27378 | Trove    | Identified the ring of Icizimeh {rPois rN+ Str-4 Dex+2}
 27759 | D:15     | Reached skill level 14 in Fighting
 27881 | D:15     | Found a staircase to the Depths.
 27904 | D:15     | Noticed a fenstrider witch
 27904 | D:15     | a dire elephant changed into a fenstrider witch
 28271 | D:8      | Reached skill level 5 in Shields
 28410 | Spider:1 | Entered Level 1 of the Spider Nest
 28825 | Spider:1 | Found a frozen archway.
 28848 | IceCv    | Entered an ice cave
 29962 | IceCv    | Noticed a white draconian knight
 30114 | IceCv    | Killed a white draconian knight
 30455 | IceCv    | Identified the ring of Life {Contam rC+ Will+ Slay+5}
 31132 | Spider:1 | Reached skill level 10 in Throwing
 32094 | Spider:1 | Reached XP level 16. HP: 88/134 MP: 5/16
 32520 | Spider:2 | You are sucked into a shaft and drop 1 floor!
 32605 | Spider:3 | Found a transporter.
 32605 | Spider:3 | Found a transporter.
 32777 | Spider:3 | Reached skill level 15 in Fighting
 33977 | Spider:4 | Entered Level 4 of the Spider Nest
 34462 | Spider:4 | Reached skill level 10 in Shields
 35144 | Spider:4 | Reached XP level 17. HP: 142/144 MP: 0/17
 35259 | Spider:4 | Got a gossamer rune of Zot
 35268 | Spider:4 | Identified the +0 hat of Jumnovye {Fly}
 35481 | Shoals:1 | Entered Level 1 of the Shoals
 35997 | Shoals:1 | Found Sutav's Assorted Antiques.
 36022 | Shoals:1 | Reached skill level 16 in Fighting
 36047 | Shoals:1 | Bought an ichor-stained falchion for 200 gold pieces
 36047 | Shoals:1 | Identified the +9 falchion of Pumn {flame, *Corrode MP+9
                  | Str+2 Stlth+} (You bought it in a shop on level 1 of the
                  | Shoals)
 36047 | Shoals:1 | Bought a potion of mutation for 200 gold pieces
 36341 | Shoals:1 | Found a transporter.
 36364 | Shoals:1 | Found a transporter.
 38434 | Shoals:3 | Noticed Bai Suzhen
 38438 | Shoals:3 | Killed Bai Suzhen
 39667 | Shoals:4 | Entered Level 4 of the Shoals
 39669 | Shoals:4 | Reached skill level 17 in Fighting
 39901 | Shoals:4 | Reached XP level 18. HP: 154/154 MP: 9/18
 39995 | Shoals:4 | Identified the +1 ring mail "Pihecute" {Dex+4}
 40003 | Shoals:4 | Noticed Ilsuiw
 40006 | Shoals:4 | Killed Ilsuiw
 40696 | Shoals:4 | Noticed Polyphemus
 40736 | Shoals:4 | Killed Polyphemus
 41497 | Shoals:4 | Reached skill level 5 in Dodging
 41519 | Shoals:4 | Identified the +2 scale mail of Reasonable Miracles {Fly
                  | rPois Dex+5}
 42025 | Shoals:4 | Got a barnacled rune of Zot
 42070 | Shoals:4 | Reached skill level 15 in Armour
 43016 | D:10     | Killed Josephine
 43079 | D:10     | Killed RascalDebosk's ghost
 43577 | Spider:3 | Got the +0 pair of boots of a sewer {*Corrode rF+++ Regen+
                  | Int-2}
 43809 | Vaults:1 | Entered Level 1 of the Vaults
 44236 | Vaults:1 | Noticed Saint Roka
 44291 | Vaults:1 | Killed Saint Roka
 44736 | Vaults:1 | Reached skill level 18 in Fighting
 45007 | Vaults:1 | Gained mutation: You are resistant to unholy torment.
                  | [demonic ancestry]
 45007 | Vaults:1 | Reached XP level 19. HP: 157/163 MP: 8/19
 45201 | Vaults:1 | Reached skill level 15 in Throwing
 46079 | Vaults:2 | Identified the +6 great mace of the Twisting Hero {elec,
                  | rF+ Int-3 Dex+8}
 46318 | Vaults:2 | Noticed Sojobo
 46348 | Vaults:2 | Paralysed by an air elemental for 1 turns
 46352 | Vaults:2 | Paralysed by an air elemental for 1 turns
 47209 | Vaults:2 | Killed Sojobo
 47503 | Vaults:2 | Reached skill level 1 in Invocations
 47527 | Vaults:2 | Found a staircase to the Crypt.
 48091 | Vaults:2 | Found a transporter.
 48094 | Vaults:2 | Noticed hyperkahler's ghost (veteran MiFi)
 48096 | Vaults:2 | Found a transporter.
 48786 | Vaults:3 | You are sucked into a shaft and drop 1 floor!
 48949 | Vaults:4 | Reached XP level 20. HP: 83/172 MP: 4/23
 49517 | Orc:2    | Bought a scorched plate armour for 616 gold pieces
 49517 | Orc:2    | Identified the +0 plate armour "Megrosku" {Dex+4 Stlth+}
                  | (You bought it in a shop on level 2 of the Orcish Mines)
 49919 | Vaults:3 | Reached skill level 19 in Fighting
 49969 | Vaults:3 | Reached skill level 5 in Invocations
 51052 | Vaults:4 | Found a transporter.
 51109 | Vaults:4 | Found a transporter.
 51578 | Vaults:4 | Found Lulil's Weapon Boutique.
 52974 | D:15     | Killed Roxanne
 53023 | Depths:1 | Entered Level 1 of the Depths
 53719 | Depths:1 | Found a gateway to Hell.
 53742 | Depths:1 | Found Zuppustru's Antique Armour Boutique.
 53752 | Depths:1 | Bought a brightly glowing robe for 228 gold pieces
 53752 | Depths:1 | Identified the +2 robe of Gozag's Whim {Int+3} (You bought
                  | it in a shop on level 1 of the Depths)
 54752 | Depths:2 | Reached skill level 10 in Dodging
 55371 | Depths:2 | Found a one-way gate leading to the halls of Pandemonium.
 55811 | Depths:2 | Found a one-way gate to the infinite horrors of the Abyss.
 55820 | Depths:2 | Found a one-way gateway to a ziggurat.
 56028 | Depths:3 | You are sucked into a shaft and drop 1 floor!
 56028 | Depths:4 | Entered Level 4 of the Depths
 56058 | Depths:4 | Gained mutation: You are completely covered in razor-sharp
                  | scales. (AC +3, Slay +3) [demonic ancestry]
 56058 | Depths:4 | Reached XP level 21. HP: 182/182 MP: 12/28
 56130 | Depths:4 | Reached skill level 10 in Invocations
 56222 | Depths:4 | Reached skill level 20 in Fighting
 56268 | Depths:4 | Found a shimmering altar of Xom.
 56272 | Depths:4 | Found a shimmering altar of Xom.
 56272 | Depths:4 | Found a shimmering altar of Xom.
 56273 | Depths:4 | Found a shimmering altar of Xom.
 56275 | Depths:4 | Found a shimmering altar of Xom.
 56275 | Depths:4 | Found a shimmering altar of Xom.
 56275 | Depths:4 | Found a shimmering altar of Xom.
 56506 | Depths:4 | Found Kecvil's Antique Weapon Shop.
 56830 | Depths:4 | Found a gate to the Realm of Zot.
 58579 | Depths:3 | Noticed a caustic shrike
 58590 | Depths:3 | Killed a caustic shrike
 58688 | Depths:3 | Got Cupiatah's Spellbook of the Wind and Superposition
 59214 | D:13     | Killed Jorgrun
 59330 | D:14     | Identified the +7 rapier of Foc Hax {antimagic, Will+}
 59332 | D:14     | Identified the ring of the Howling King {Ice rElec rPois
                  | Str+2 Stlth-}
 60575 | Vaults:4 | Identified the ring of Ephemeral Luck {Int+6 Slay+2}
 60580 | Vaults:4 | Identified the ring of Gelusk {rCorr Int+6 Dex-4}
 60588 | Vaults:4 | Identified the ring of Niclux {rC++ AC+4 Int+2 Dex+4}
 60657 | Vaults:5 | Entered Level 5 of the Vaults
 60902 | Vaults:5 | Gained mutation: You can hurl damnation. [demonic ancestry]
 60902 | Vaults:5 | Reached XP level 22. HP: 94/192 MP: 3/31
 61521 | Vaults:5 | Noticed an ancient lich
 61551 | Vaults:5 | Killed an ancient lich
 61552 | Vaults:5 | Reached skill level 21 in Fighting
 63209 | Vaults:5 | Identified the +9 flail of Undoing {freeze, Drain rF+++
                  | Will++}
 63469 | Vaults:5 | Identified the amulet of the Princess {RegenMP rC+ Stlth+}
 63566 | Vaults:5 | Found the +7 Spriggan's Knife {stab, EV+4 Stlth+}
 63585 | Vaults:5 | Identified the +1 arbalest "Ketwih" {venom, rCorr Dex+2}
 63693 | Vaults:5 | Noticed an ancient lich
 63701 | Vaults:5 | Killed an ancient lich
 63714 | Vaults:5 | Noticed Frederick
 63744 | Vaults:5 | Killed Frederick
 63758 | Vaults:5 | Reached skill level 15 in Dodging
 64094 | Vaults:5 | Got a silver rune of Zot
 64342 | Vaults:5 | Noticed a golden dragon
 64352 | Vaults:5 | Killed a golden dragon
 64360 | Vaults:5 | Identified the +11 morningstar of Gaivopud {flame, Int+2}
 64548 | Vaults:5 | Identified the +1 robe of Guomm {+Blink Int+4}
 65792 | Vaults:2 | HP: 11/294 [hyperkahler's ghost (18)]
 65793 | Vaults:2 | Slain by hyperkahler's ghost

Illustrated notes

Levels and vault maps discovered:
D:1:      lemuel_arrival_tunnels, layout_loops_ring
D:2:      layout_loops_corners, hellmonk_ecumenical_altar_pennies_from_heaven,
          minmay_misc_feat_encased
D:3:      layout_basic, portal_sewer_entry_d
D:4:      layout_basic, minmay_temple_entry_offerings, uniq_duvessa,
          uniq_menkaure, uniq_sigmund
D:5:      kennysheep_spiral_hall, layout_basic, general_overflow_altar,
          serial_shops, shop_coins, saegor_snake_ambush
D:6:      layout_basic, roderic_nine_men_s_morris, corexii_hall_statues_l,
          hangedman_minor_gate_pass, uniq_blork_the_orc, uniq_edmund
D:7:      layout_rooms, nicolae_ru_awakened_eye, lemuel_round_altar, uniq_pikel
D:8:      layout_loops_cross, mainiacjoe_overflow_brackets,
          gammafunk_temple_overflow_arena, minmay_radiant
D:9:      layout_irregular_city, gammafunk_temple_overflow_elements, erik_orc_2,
          lightli_church_of_beogh
D:10:     layout_cave_pods, gammafunk_ghost_hydra_chop, uniq_joseph,
          uniq_josephine
D:11:     layout_irregular_city, dpeg_oklobed_lair, minivault_23, uniq_nergalle,
          uniq_lodul
D:12:     layout_basic, special_room [special_room_orc],
          nicolae_trove_entry_isolated
D:13:     layout_cave_pools, nrook_guardian_serpent_ordinary, uniq_jorgrun
D:14:     layout_roguey, david_vaults_4, fungi_pond_lemuel,
          chequers_serial_rivers_small_3, minmay_st_funbox, minmay_starry_boxes,
          uniq_agnes
D:15:     gammafunk_enter_depths_forms, layout_small_grid, uniq_louise,
          uniq_roxanne
Lair:1:   layout_gridlike, serial_bayou_shore_b, lemuel_fruit_fields,
          grunt_megastairs_5, infiniplex_staircase_pool_2, lemuel_fruit_tree
Lair:2:   layout_layer_cave, minmay_shoals_entry_centaurs,
          spider_nest_entry_rubble, infiniplex_staircase_pool
Lair:3:   layout_small_grid, serial_bayou_shore_b
Lair:4:   layout_cave_pods, slime_entry_2
Lair:5:   guppyfry_lair_end_dragon, layout_cave_shapes,
          hangedman_lair_tendril_chambers, basic_altar, columned_hall_lemuel,
          uniq_rupert
Shoals:1: gammafunk_sealed_arena, layout_shoals, serial_shops,
          nicolae_shop_crystal
Shoals:2: layout_shoals
Shoals:3: layout_shoals, uniq_bai_suzhen
Shoals:4: shoals_end_grunt_garden, layout_shoals, shoals_ilsuiw_alternative,
          nicolae_shoals_siren_and_animal_friends, uniq_polyphemus
Spider:1: layout_spider_delve, portal_ice_cave_entry_pillars_1
Spider:2: layout_spider_delve, drop_trap, spiders_nest_spider_trap
Spider:3: gammafunk_boulding_lane
Spider:4: grunt_spider_rune_parallel
Orc:1:    layout_caves, nicolae_alphabet_shops, uniq_erica
Orc:2:    st_orc_mages, layout_diamond_mine, nicolae_specific_store
Vaults:1: grunt_vaults_twisty, ontoclasm_vaults_shuriken, v_pattern_1,
          ontoclasm_vaults_pinch, v_misc_17, nicolae_vaults_murderbox,
          nicolae_vaults_border_crossing, v_misc_12, v_misc_8, v_misc_17,
          hangedman_vaults_impose, dpeg_vaults_monster_row,
          ontoclasm_vaults_hangar, nicolae_vaults_yaktaur_gun_rack,
          vaults_dpeg_cross, layout_vaults_omnibox, uniq_saint_roka
Vaults:2: gammafunk_ghost_smash, minmay_crypt_entry_simple_round,
          vaults_mumra_hex, grunt_vaults_funnel, v_alt_pattern_1, st_octagons_2,
          vaults_dpeg_diagonal, nicolae_vaults_rhombus_6,
          nicolae_vaults_little_squares_5, v_misc_27,
          vaults_dpeg_emergency_exit, nicolae_vaults_little_squares_2,
          layout_vaults_ring, uniq_sojobo
Vaults:3: nicolae_vaults_little_squares_4, nicolae_vaults_what_the_h,
          v_alt_pattern_3, v_alt_pattern_4, nicolae_vaults_circle_grid_b,
          nicolae_vaults_network_square, ontoclasm_vaults_ligature,
          layout_vaults_quadrants
Vaults:4: v_alt_pattern_6, ontoclasm_vaults_ring_large, v_misc_17,
          vaults_room_pool, ontoclasm_vaults_eye, gammafunk_dig_for_victory,
          ontoclasm_vaults_claustrophobia, hangedman_vaults_stretched_pinwheel,
          vaults_room_stairs_pillars, v_misc_12, ontoclasm_vaults_chip,
          vaults_dpeg_hooks, vaults_room_stairs_pillars,
          nicolae_vaults_gold_heap, layout_vaults_omnicross, serial_shops,
          nicolae_shop_bloodbath_and_beyond
Vaults:5: serial_shops, uniq_frederick
Depths:1: layout_long_grid, serial_shops, nicolae_shop_trees, hell_entry,
          minislime_mu
Depths:2: minmay_polygon_palace, layout_gridlike, enter_ziggurat_e, abyss_entry,
          pan_entry, hell_entry, hangedman_decor_opposing
Depths:3: minmay_the_grid_four_pointed_star_mashed
          [minmay_the_grid_triangle_9x9_longest,
          minmay_the_grid_triangle_9x9_impossible_snake,
          minmay_the_grid_triangle_9x9_minimal,
          minmay_the_grid_triangle_9x9_swiss_cheese,
          minmay_the_grid_prize_trominoes], layout_cave_pools,
          serial_sigils_hangedman_snap, hell_entry, abyss_entry,
          infiniplex_staircase_zigzag_3
Depths:4: grunt_zot_entry_alcove, layout_twisted_cross, xom_redecorated,
          hell_entry, abyss_entry, minmay_shop_star

Skill      XL: |  1  2  3  4  5  6  7  8  9 10 11 12 13 14 15 16 17 18 19 20 21 22 |
---------------+-------------------------------------------------------------------+-----
Long Blades    | 3 4 5 6 7 9 |  9.3
Fighting       | 3 4 5 7 8 9 10 11 12 13 14 15 17 18 19 20 21 | 21.8
Short Blades   | 4 7 8 10 | 10.5
Stealth        | 5 7 10 12 13 | 13.5
Armour         | 3 6 9 10 12 13 14 15 16 17 18 19 | 19.5
Throwing       | 2 6 7 10 12 13 14 15 16 | 16.0
Shields        | 1 2 7 10 | 10.0
Dodging        | 3 7 8 10 12 15 | 15.7
Invocations    | 4 9 12 | 12.0

Action                   |  1- 3 |  4- 6 |  7- 9 | 10-12 | 13-15 | 16-18 | 19-21 | 22-24 || total
-------------------------+-------+-------+-------+-------+-------+-------+-------+-------++-------
Melee: Long sword        |    97 |   180 |   130 |       |       |       |       |       ||   407
       Punch             |       |     3 |     2 |     9 |    17 |       |       |       ||    31
       Touch             |       |       |    53 |   147 |   215 |       |       |       ||   415
       Dagger            |       |       |   107 |   606 |   261 |       |       |       ||   974
       Short sword       |       |       |       |       |  1007 |  1740 |  1379 |       ||  4126
       Rapier            |       |       |       |       |       |       |   161 |   524 ||   685
       Knife             |       |       |       |       |       |       |       |    16 ||    16
Throw: Dart              |       |       |       |    30 |     5 |     1 |    52 |    43 ||   131
       Javelin           |       |       |       |     3 |     1 |     7 |    19 |    32 ||    62
       Throwing net      |       |       |       |     2 |       |       |     1 |     1 ||     4
       Boomerang         |       |       |       |       |    24 |   351 |   312 |    22 ||   709
Invok: Major Destruction |       |       |       |       |       |       |     3 |       ||     3
       Greater Servant o |       |       |       |       |       |       |     4 |       ||     4
       Lesser Servant of |       |       |       |       |       |       |     1 |       ||     1
Evoke: Phantom mirror    |       |       |       |       |       |       |     1 |       ||     1
       Wand              |       |       |       |       |       |       |     2 |       ||     2
  Use: Scroll            |     1 |     9 |     5 |     8 |    11 |    11 |     7 |     1 ||    53
       Potion            |     1 |     1 |       |     7 |    13 |    10 |     6 |     6 ||    44
 Stab: Sleeping          |     2 |       |     8 |    33 |    42 |    33 |    37 |     7 ||   162
       Distracted        |       |       |       |     4 |     6 |     7 |     4 |     2 ||    23
       Invisible         |       |       |       |     6 |       |       |     1 |     1 ||     8
       Paralysed         |       |       |       |       |       |     2 |     1 |       ||     3
       Confused          |       |       |       |       |       |       |       |     1 ||     1
Armor: Leather armour    |    29 |    72 |    64 |    67 |       |       |       |       ||   232
       Ring mail         |       |       |       |    61 |   447 |   453 |   304 |    71 ||  1336
       Skin              |       |       |       |       |       |       |       |     3 ||     3
Dodge: Dodged            |    61 |   132 |   119 |   217 |   480 |   486 |   643 |   157 ||  2295
       Repelled          |       |       |       |       |       |     1 |     1 |       ||     2
Block: Buckler           |       |       |       |       |   253 |  1243 |  1064 |   270 ||  2830
